 Dungeon Sprint DCSS version 0.24-a0-292-g5c6fb1cd70 (webtiles) character file.

Game seed: 9616528388345478996

11600000 Hercules1031 the Formicid Barricade (level 27, -3/243 (249) HPs)
             Began as a Formicid Fighter on May 11, 2019.
             Was the Champion of Makhleb.
             Succumbed to a scourge's poison gas
             ... in the Dungeon (Sprint VIII: "Arena of Blood").
             The game lasted 00:05:34 (116 turns).

Hercules1031 the Formicid Barricade (FoFi)           Turns: 116, Time: 00:05:35

HP:   -3/243 (249)  AC: 13    Str: 32    XL:     27
MP:   45/54         EV: 26    Int:  8    God:    Makhleb [******]
Gold: 0             SH: 20    Dex: 12    Spells: 80/80 levels left

rFire    . . .     SeeInvis +   l - +∞ Axe of Woe
rCold    . . .     Gourm    .   c - +0 shield
rNeg     . . .     Faith    .   b - +0 scale mail
rPois    .         Spirit   .   (helmet unavailable)
rElec    .         Reflect  .   (no cloak)
rCorr    .         Harm     .   (no gloves)
MR       ++...                  (no boots)
Stlth    ++++++++..             (no amulet)
HPRegen  0.50/turn              (no ring)
MPRegen  0.34/turn              (no ring)

@: lethally poisoned (-3 -> -62)
A: permanent stasis, dig shafts and tunnels, four strong arms, antennae 3
a: Dig, Minor Destruction, Lesser Servant of Makhleb, Major Destruction, Greater
Servant of Makhleb, Renounce Religion


You were in the Dungeon.
You worshipped Makhleb.
Makhleb was exalted by your worship.
You were not hungry.

You visited 1 branch

Inventory:

Hand Weapons
 a - a +0 war axe
 l - the +∞ Axe of Woe (weapon)
   (You found it in the Dungeon)
Armour
 b - a +0 scale mail (worn)
 c - a +0 shield (worn)
Scrolls
 k - a scroll of blinking
Potions
 d - a potion of might
 e - a potion of curing
 g - a potion of heal wounds
 h - a potion of haste
 i - 2 potions of magic
 j - a potion of berserk rage
Comestibles
 f - a ration


   Skills:
 O Level 27 Fighting
 O Level 27 Axes
 O Level 27 Throwing
 O Level 27 Armour
 O Level 27 Dodging
 O Level 27 Stealth
 O Level 27 Shields
 O Level 27 Unarmed Combat
 O Level 27 Spellcasting
 O Level 27 Invocations


You had 80 spell levels left.
You didn't know any spells.
Your spell library was empty.

Dungeon Overview and Level Annotations

Branches:
Dungeon (1/1)

Altars:
Makhleb


Innate Abilities, Weirdness & Mutations

You cannot be hasted, slowed, berserked, paralysed or teleported.
You can dig through walls and to a lower floor.
Your four strong arms can wield two-handed weapons with a shield.
You have a pair of large antennae on your head. (SInv)


Message History

The eight-headed meat hydra convulses!
Your body is wracked with pain!
* * * LOW HITPOINT WARNING * * *
The scourge convulses! x3; The eight-headed meat hydra convulses!
The scourge throws poison at you. The bolt of poison misses you.
You hear a shout!
The scourge throws poison at you. The bolt of poison misses you.
You hear a shout!
The eight-headed meat hydra calls on the powers of darkness!
The eight-headed meat hydra convulses!
The scourge convulses! x2
The bag of meat convulses!
The observer convulses!
The scourge convulses!
Your body is wracked with pain!
* * * LOW HITPOINT WARNING * * *
The eight-headed meat hydra convulses!
You hear a shout! x4
Unknown command.
Unknown command.
Unknown command.
You die...

......#%))..SD#.. .....
..o...%))....%...{ .....{
#%.....)%)..S.....#...# {
......))).)......#o...#
#.....)))).....##.GS..# .
.....#).).....#..○○..# ...
..........%%..#○○○###....#
....##.#.D.)..°○2)o....#
........S)).)@°○☼°........
####...)#.)...####........
.........)†.%..#.......##
..........).........####
##.......=.......####
#################


You could see a reaper, an eight-headed meat hydra, an observer (invisible), 3
scourges and 2 bags of meat.

Vanquished Creatures
  5 hell beasts (D)
  8 greater mummies (D)
  2 great orbs of eyes (D)
  A wraith (D)
  15 vampire knights (D)
  25 ogres (D)
  6 two-headed ogres (D)
  2 liches (D)
  2 hydras (D)
  36 orcs (D)
  5 phantoms (D)
  A skeletal warrior (D)
  2 small abominations (D)
  4 large abominations (D)
  2 crawling corpses (D)
116 creatures vanquished.

Vanquished Creatures (others)
  A crawling corpse (D)
1 creature vanquished.

Grand Total: 117 creatures vanquished

Notes
Turn   | Place    | Note
-------+----------+-------------------------------------------
     0 | D        | Found the +∞ Axe of Woe
     0 | D        | Hercules1031 the Formicid Fighter began the quest for the
                  | Orb.
     0 | D        | Reached XP level 1. HP: 18/18 MP: 1/1
     1 | D        | Noticed a bag of meat
     2 | D        | Noticed a meat berserker
     4 | D        | Became a worshipper of Makhleb the Destroyer
     5 | D        | Killed a bag of meat
     5 | D        | Reached skill level 15 in Shields
     5 | D        | Reached XP level 2. HP: 43/43 MP: 2/2
     5 | D        | Reached XP level 3. HP: 49/49 MP: 3/3
     5 | D        | Reached XP level 4. HP: 56/56 MP: 4/4
     5 | D        | Reached XP level 5. HP: 62/62 MP: 5/5
     5 | D        | Reached XP level 6. HP: 69/69 MP: 6/6
     5 | D        | Reached XP level 7. HP: 75/75 MP: 7/7
     5 | D        | Reached XP level 8. HP: 82/82 MP: 8/8
     5 | D        | Reached XP level 9. HP: 88/88 MP: 9/9
     5 | D        | Reached XP level 10. HP: 95/95 MP: 10/10
     5 | D        | Reached XP level 11. HP: 101/101 MP: 11/11
     5 | D        | Reached XP level 12. HP: 108/108 MP: 12/12
     5 | D        | Noticed a meat berserker
     5 | D        | Noticed a bag of meat
     6 | D        | Killed a meat berserker
     6 | D        | Reached * piety under Makhleb
     6 | D        | Reached skill level 15 in Dodging
     6 | D        | Reached XP level 13. HP: 122/122 MP: 13/13
     6 | D        | Reached XP level 14. HP: 130/130 MP: 14/14
     6 | D        | Noticed a bag of meat
     7 | D        | Killed a meat berserker
     7 | D        | Reached XP level 15. HP: 141/141 MP: 15/15
     9 | D        | Reached XP level 16. HP: 150/150 MP: 16/16
     9 | D        | Reached ** piety under Makhleb
    11 | D        | Noticed a meat berserker
    11 | D        | Noticed a meat berserker
    13 | D        | Killed a meat berserker
    13 | D        | Reached XP level 17. HP: 164/164 MP: 17/17
    13 | D        | Noticed a large bag of meat
    15 | D        | Reached *** piety under Makhleb
    15 | D        | Reached XP level 18. HP: 175/175 MP: 18/18
    15 | D        | Killed a meat berserker
    15 | D        | Reached skill level 27 in Shields
    16 | D        | Noticed a meat berserker
    17 | D        | Reached **** piety under Makhleb
    17 | D        | Reached skill level 27 in Fighting
    17 | D        | Reached skill level 27 in Armour
    17 | D        | Reached XP level 19. HP: 189/189 MP: 19/19
    18 | D        | Noticed a destroyer
    18 | D        | Reached skill level 27 in Axes
    19 | D        | Reached ***** piety under Makhleb
    19 | D        | Reached skill level 27 in Dodging
    19 | D        | Reached XP level 20. HP: 197/197 MP: 19/29
    21 | D        | Killed a large bag of meat
    21 | D        | Reached XP level 21. HP: 204/204 MP: 19/39
    21 | D        | Noticed a meat berserker
    22 | D        | Noticed a meat berserker
    23 | D        | Killed a meat berserker
    23 | D        | Killed a destroyer
    23 | D        | Reached XP level 22. HP: 212/212 MP: 19/45
    23 | D        | Noticed a destroyer
    24 | D        | Noticed a large bag of meat
    25 | D        | Noticed a meat berserker
    25 | D        | Noticed a large bag of meat
    26 | D        | Killed a large bag of meat
    26 | D        | Noticed a meat berserker
    26 | D        | Noticed a meat berserker
    27 | D        | Noticed a destroyer
    28 | D        | Killed a meat berserker
    28 | D        | Reached skill level 27 in Stealth
    28 | D        | Reached XP level 23. HP: 219/219 MP: 20/49
    28 | D        | Reached ****** piety under Makhleb
    28 | D        | Reached skill level 27 in Invocations
    28 | D        | Killed a destroyer
    29 | D        | Reached skill level 27 in Throwing
    29 | D        | Reached skill level 27 in Unarmed Combat
    29 | D        | Reached skill level 27 in Spellcasting
    29 | D        | Reached XP level 24. HP: 227/227 MP: 21/54
    30 | D        | Noticed a destroyer
    32 | D        | Noticed a destroyer
    32 | D        | Noticed a destroyer
    33 | D        | Killed a large bag of meat
    33 | D        | Reached XP level 25. HP: 234/234 MP: 22/54
    33 | D        | Killed a destroyer
    34 | D        | Killed a destroyer
    34 | D        | Reached XP level 26. HP: 242/242 MP: 22/54
    35 | D        | Noticed a destroyer
    35 | D        | Noticed a destroyer
    36 | D        | Killed a destroyer
    36 | D        | Reached XP level 27. HP: 249/249 MP: 23/54
    37 | D        | Noticed a destroyer
    38 | D        | Killed a destroyer
    40 | D        | Noticed a large bag of meat
    40 | D        | Noticed a destroyer
    41 | D        | Killed a destroyer
    44 | D        | Noticed a tyrant
    44 | D        | Killed a destroyer
    44 | D        | Noticed a destroyer
    45 | D        | Noticed an accursed
    45 | D        | Noticed a large bag of meat
    45 | D        | Noticed a destroyer
    46 | D        | Killed a destroyer
    47 | D        | Noticed an accursed
    48 | D        | Noticed an accursed
    48 | D        | Killed a destroyer
    49 | D        | Killed a destroyer
    49 | D        | Killed an accursed
    50 | D        | Killed a large bag of meat
    52 | D        | Killed an accursed
    52 | D        | Noticed a tyrant
    54 | D        | Noticed an accursed
    55 | D        | Killed a tyrant
    57 | D        | Noticed a destroyer
    58 | D        | Killed an accursed
    58 | D        | Killed a large bag of meat
    58 | D        | Killed a destroyer
    60 | D        | Noticed a destroyer
    61 | D        | Noticed a dread
    62 | D        | Killed a destroyer
    62 | D        | Noticed a large bag of meat
    64 | D        | Killed a tyrant
    71 | D        | Noticed a meat beast
    73 | D        | Killed a large bag of meat
    75 | D        | Killed a meat beast
    76 | D        | Killed a destroyer
    79 | D        | Noticed a meat beast
    80 | D        | HP: 12/246 [wretched soul (7)]
    82 | D        | HP: 4/246 [??? (2)]
    83 | D        | Killed a dread
    85 | D        | Noticed a meat beast
    85 | D        | Noticed a meat beast
    86 | D        | Killed an accursed
    87 | D        | Noticed a meat beast
    88 | D        | Noticed a meat beast
    89 | D        | Killed a meat beast
    89 | D        | Noticed a meat beast
    90 | D        | Killed a meat beast
    91 | D        | Killed a meat beast
    93 | D        | Killed a meat beast
    95 | D        | Noticed an accursed
    95 | D        | Noticed an accursed
    95 | D        | Noticed a destroyer
    97 | D        | Noticed an accursed
    99 | D        | Noticed an accursed
   101 | D        | Killed an accursed
   107 | D        | Killed a destroyer
   109 | D        | Killed an accursed
   113 | D        | Killed an accursed
   113 | D        | Killed an accursed
   115 | D        | HP: 10/243 [scourge] (6)]
   115 | D        | HP: 4/243 [??? (2)]
   116 | D        | Succumbed to a scourge's poison gas

Levels and vault maps discovered:
D:        meatsprint

Skill      XL: |  1  2  3  4  5  6  7  8  9 10 11 12 13 14 15 16 17 18 19 20 21 22 23 |
---------------+----------------------------------------------------------------------+-----
Fighting       | 14 18 20 23 24 27 | 27.0
Axes           | 13 16 18 19 21 22 25 27 | 27.0
Armour         | 14 18 20 23 24 27 | 27.0
Dodging        | 12 15 17 18 20 21 23 27 | 27.0
Shields        | 15 19 21 22 24 26 27 | 27.0
Throwing       | 6 14 19 22 27 | 27.0
Stealth        | 8 17 23 27 | 27.0
Unarmed Combat | 6 14 19 22 27 | 27.0
Spellcasting   | 6 14 19 22 27 | 27.0
Invocations    | 7 16 21 26 27 | 27.0

Action                   |  1- 3 |  4- 6 |  7- 9 | 10-12 | 13-15 | 16-18 | 19-21 | 22-24 | 25-27 || total
-------------------------+-------+-------+-------+-------+-------+-------+-------+-------+-------++-------
Melee: Executioner's axe |     1 |       |       |     1 |     2 |     5 |     5 |     6 |    48 ||    68
Armor: Scale mail        |       |       |       |       |       |       |       |       |     3 ||     3
Dodge: Dodged            |       |       |       |       |       |       |       |     1 |     6 ||     7
Block: Shield            |       |       |       |       |       |       |       |     1 |     7 ||     8

Table legend:
 A = Non-vault XP
 B = Vault XP
 C = Vault XP percentage of total XP
 D = Non-vault monster count
 E = Vault monster count
 F = Vault count percentage of total count
                 A         B        C        D         E       F
            +---------+---------+-------+---------+---------+-------
      Total | 3572975 |  778178 |  17.9 |      79 |      35 |  30.7
            +---------+---------+-------+---------+---------+-------
          D | 3572975 |  778178 |  17.9 |      79 |      35 |  30.7
            +---------+---------+-------+---------+---------+-------
